 Dungeon Crawl Stone Soup version 0.29.1-13-g9f3cf754e1 (webtiles) character file.

Game seed: 2175722100354907226

36 Peloso the Covered (level 3, -2/33 HPs)
             Began as a Minotaur Fighter on Jan 22, 2023.
             Killed by divine providence
             ... invoked by an orc priest
              (13 damage)
             ... on level 2 of the Dungeon.
             The game lasted 00:01:46 (937 turns).

Peloso the Covered (Minotaur Fighter)                Turns: 937, Time: 00:01:47

Health: -2/33      AC:  7    Str: 20    XL:     3   Next: 19%
Magic:  2/2        EV:  9    Int:  5    God:
Gold:   66         SH:  4    Dex: 11    Spells: 2/2 levels left

rFire   . . .      SeeInvis .   a - +0 long sword
rCold   . . .      Faith    .   d - +0 buckler
rNeg    . . .      Spirit   .   b - +0 scale mail
rPois   .          Reflect  .   (helmet restricted)
rElec   .          Harm     .   (no cloak)
rCorr   .          Rampage  .   (no gloves)
Will    .....                   (no boots)
Stlth   ..........              (no amulet)
HPRegen 0.11/turn               (no ring)
MPRegen 0.08/turn               (no ring)

@: no status effects
A: horns 2, retaliatory headbutt
a: no special abilities


You were on level 2 of the Dungeon.
You visited 1 branch of the dungeon, and saw 2 of its levels.

You collected 66 gold pieces.

Inventory:

Hand Weapons
 a - a +0 long sword (weapon)
Armour
 b - a +0 scale mail (worn)
 d - a +0 buckler (worn)
Magical Staves
 c - a staff of fire
Potions
 g - 3 potions of might
 h - a potion of flight
 i - a potion of curing {unknown}
 j - a potion of haste {unknown}


   Skills:
 + Level 4.0 Fighting
 + Level 2.5 Long Blades
 + Level 4.4 Armour
 + Level 0.2 Dodging
 + Level 4.2 Shields


You had 2 spell levels left.
You didn't know any spells.
Your spell library contained the following spells:

 Spells                   Type           Power      Damage    Failure   Level
 Conjure Flame            Conj/Fire      0%         6-21      99%         3
 Ignite Poison            Fire/Tmut/Pois 0%         N/A       99%         3
 Sticky Flame             Conj/Fire      0%         2d3       100%        4


Dungeon Overview and Level Annotations

Branches:
Dungeon (2/15)

Altars:


Innate Abilities, Weirdness & Mutations

You have a pair of horns on your head.
You reflexively headbutt those who attack you in melee.


Message History

The orc shouts!
You hear a shout! x2
An orc comes into view. It is wielding a +0 hand axe.
An orc priest comes into view. It is wielding a +0 whip.
An orc comes into view. It is wielding a +0 flail.
There are monsters nearby!
There are monsters nearby!
There is a stone staircase leading up here.
You slash the orc!
You kill the orc!
You block the orc's attack.
Things that are here:
a +0 flail; an orc corpse You barely miss the orc.
You headbutt the orc.
The orc is almost dead.
The orc closely misses you.
You barely miss the orc.
The orc is almost dead.
The orc barely misses you. x2
You hit the orc.
You kill the orc!
Your Fighting skill increases to level 4!
Things that are here:
a +0 hand axe; a +0 scale mail
Things that are here:
a +0 flail; an orc corpse
Things that are here:
a +0 hand axe; a +0 scale mail The orc priest shouts!
You hear a shout! x3
The orc priest mumbles some strange prayers to Beogh against you.
Beogh smites you!
An orc priest comes into view. It is wielding a +0 mace of holy wrath.
An orc priest comes into view. It is wielding a +0 club.
An orc comes into view. It is wielding a +0 dagger.
The orc priest attacks as you move away!
The orc priest hits you with a +0 whip.
The orc priest calls down the wrath of Beogh upon you.
Beogh smites you!
The orc priest invokes the aid of Beogh against you.
Beogh smites you!
You die...

##### #...####
#...)..# ####
#..)##@## ...oo
##<##...# ##..#.o
#.##..o###.......
#....o.o.#.......
#......o......o..
...............#..
####.#...#####.....
.......# ####
.......##


You could see 3 orc priests and an orc.

Vanquished Creatures
  A gnoll (D:1)
  2 orcs (D:2)
  4 bats (D:1)
  An endoplasm (D:1)
  A giant cockroach (D:1)
  4 hobgoblins (D:1)
  A kobold (D:1)
  2 quokkas (D:1)
  3 ball pythons (D:1)
  2 frilled lizards (D:1)
  2 rats (D:1)
23 creatures vanquished.

Notes
Turn   | Place    | Note
-------+----------+-------------------------------------------
     0 | D:1      | Peloso the Minotaur Fighter began the quest for the Orb.
     0 | D:1      | Reached XP level 1. HP: 19/19 MP: 0/0
   340 | D:1      | Reached XP level 2. HP: 25/27 MP: 1/1
   475 | D:1      | Reached XP level 3. HP: 32/33 MP: 2/2
   937 | D:2      | Killed from afar by an orc priest

Illustrated notes

Levels and vault maps discovered:
D:1:      saegor_arrival_simple_b, layout_basic, minivault_5,
          minmay_pentomino_u4
D:2:      cheibrodos_pilgrimage, layout_loops_ring, basic_altar

Skill      XL: |  1  2  3 |
---------------+----------+-----
Shields        | 4 |  4.2
Armour         | 4 |  4.4
Fighting       | 4 |  4.0
Long Blades    | |  2.5
Dodging        | |  0.2

Action                   || total
-------------------------++-------
Melee: Long sword        ||    40
       Headbutt          ||     6
  Use: Scroll            ||     2
Armor: Scale mail        ||    25
Dodge: Dodged            ||    28
Block: Buckler           ||    12
